 Dungeon Crawl Stone Soup version 0.24-a0-789-g35933f4585 (webtiles) character file.

Game seed: 5573328918441294533, levelgen mode: deterministic

506 Amen the Conjurer (level 6, 0/48 HPs)
             Began as a Deep Elf Conjurer on Oct 10, 2019.
             Slain by an orc
             ... wielding a +0 hand axe
              (3 damage)
             ... on level 6 of the Dungeon.
             The game lasted 00:20:50 (6693 turns).

Amen the Conjurer (Deep Elf Conjurer)               Turns: 6693, Time: 00:20:51

Health: 0/48       AC:  5    Str: 10    XL:     6   Next: 97%
Magic:  7/16       EV: 13    Int: 22    God:
Gold:   255        SH:  0    Dex: 15    Spells: 10/16 levels left

rFire    . . .     SeeInvis .   d - +5 dagger
rCold    . . .     Gourm    .   (no shield)
rNeg     . . .     Faith    .   a - +0 robe
rPois    .         Spirit   .   (no helmet)
rElec    .         Reflect  .   p - +0 cloak
rCorr    .         Harm     .   o - +1 pair of gloves
MR       .....                  (no boots)
Stlth    ..........             (no amulet)
HPRegen  0.16/turn              h - ring of wizardry
MPRegen  0.15/turn              k - ring of attention (curse)

@: berserking, very quick
A: no striking features
a: no special abilities


You were on level 6 of the Dungeon.
You were not hungry.

You visited 2 branches of the dungeon, and saw 7 of its levels.

You collected 255 gold pieces.

Inventory:

Hand Weapons
 d - a +5 dagger (weapon)
 i - a +1 spear of venom
 m - a +2 dagger of holy wrath
 x - a +1 dagger of protection
Armour
 a - a +0 robe (worn)
 o - a +1 pair of gloves (worn)
 p - a +0 cloak (worn)
Jewellery
 h - a ring of wizardry (left hand)
 k - a cursed ring of attention (right hand)
 n - an uncursed ring of magical power
 r - an uncursed ring of see invisible
Scrolls
 b - a scroll of amnesia {unknown}
 g - 2 scrolls of identify
 s - 4 scrolls of teleportation {unknown}
 v - 2 scrolls of remove curse
Potions
 e - a potion of curing
 f - a potion of flight {unknown}
 j - a potion of agility {unknown}
 l - a potion of cancellation {unknown}
 q - a potion of brilliance {unknown}
 t - a potion of berserk rage
 u - a potion of might {unknown}
 z - a potion of magic {unknown}
Comestibles
 c - 5 rations


   Skills:
 - Level 2.4 Dodging
 - Level 2.4 Stealth
 + Level 5.6 Spellcasting
 * Level 7.2 Conjurations
 - Level 4.4 Hexes


You had 10 spell levels left.
You knew the following spells:

 Your Spells              Type           Power        Failure   Level  Hunger
a - Magic Dart            Conj           ####         1%          1    None
b - Searing Ray           Conj           #####.       1%          2    None
c - Dazzling Spray        Conj/Hex       ####..       1%          3    ##.....

Your spell library contained the following spells:

 Spells                   Type           Power        Failure   Level  Hunger
 Iskenderun's Mystic Bla  Conj           #####...     1%          4    ####...
 Fulminant Prism          Conj/Hex       ####......   3%          4    ####...
 Force Lance              Conj/Tloc      ###.....     9%          4    ####...


Dungeon Overview and Level Annotations

Branches:
Dungeon (6/15)             Temple (1/1) D:4

Altars:
Ashenzari
Cheibriados
Dithmenos
Elyvilon
Fedhas
Gozag
Hepliaklqana
Kikubaaqudgha
Makhleb
Nemelex Xobeh
Okawaru
Qazlal
Ru
Sif Muna
Trog
Uskayaw
Wu Jian
Xom
Yredelemnul
Zin
The Shining One

Annotations:
D:3 Sigmund
D:5 Edmund


Message History

Aim: an orc priest, wielding a +0 club and wearing a +0 chain mail (almost dead)
The magic dart hits the orc priest but does no damage.
The orc priest is almost dead.
The orc priest barely misses you.
The orc wizard hits you with a cursed -1 dagger.
* * * LOW HITPOINT WARNING * * *
Casting: Magic Dart (safe; 1% risk of failure)
Confirm with . or Enter, or press ? or * to list all spells.
Aiming: Magic Dart (safe; 1% risk of failure)
Press: ? - help, Shift-Dir - straight line, f/p - orc priest
Aim: an orc priest, wielding a +0 club and wearing a +0 chain mail (almost dead)
The magic dart hits the orc priest!
You kill the orc priest!
The orc wizard hits you with a cursed -1 dagger.
* * * LOW HITPOINT WARNING * * *
It was a potion of berserk rage.
A red film seems to cover your vision as you go berserk!
You feel yourself moving faster!
You feel mighty! The orc hits you with a +0 hand axe.
You die...

......# #.....#
......# #.....#
...[..#########.....#
......#.......#..o..#
......#.......#.....#
......'.......#.o...#
......#.......#..)..#
......#.......#.oo..#
......#..######.@...#
.....##..##...#.....#
.....#........#.....#
.....#........#.....#
.....#........#.....#
.....#........#.....#
.....##########.....#
....................#
.)..................#


You could see 2 orc wizards and 2 orcs.

Vanquished Creatures
  A phantom (D:6)
  A scorpion (D:5)
  A jelly (D:5)
  2 orc priests
  An orc wizard (D:6)
  Jessica (D:3)
  3 worker ants
  4 adders
  2 oozes
  An adder zombie (D:6)
  2 worms
  A dart slug (D:1)
  2 leopard geckos (D:5)
  19 orcs
  A ball python (D:5)
  A giant cockroach (D:5)
  3 goblins
  8 hobgoblins
  11 jackals
  3 quokkas
  7 bats
  3 frilled lizards
  A jackal skeleton (D:4)
  6 kobolds
  4 rats
89 creatures vanquished.

Notes
Turn   | Place    | Note
-------+----------+-------------------------------------------
     0 | D:1      | Amen the Deep Elf Conjurer began the quest for the Orb.
     0 | D:1      | Reached XP level 1. HP: 10/10 MP: 6/6
   204 | D:1      | Reached XP level 2. HP: 15/15 MP: 4/8
   755 | D:2      | Reached skill level 5 in Conjurations
   982 | D:2      | Reached XP level 3. HP: 19/19 MP: 7/10
  1982 | D:3      | Noticed Sigmund
  1994 | D:3      | Noticed Jessica
  2003 | D:3      | Learned a level 2 spell: Searing Ray
  2007 | D:3      | Learned a level 3 spell: Dazzling Spray
  2010 | D:3      | Killed Jessica
  2050 | D:3      | Reached XP level 4. HP: 24/24 MP: 10/12
  2829 | D:3      | Reached skill level 1 in Hexes
  2911 | D:4      | Reached skill level 6 in Conjurations
  2947 | D:4      | Found a staircase to the Ecumenical Temple.
  2954 | Temple   | Entered the Ecumenical Temple
  3362 | D:4      | Found a sparkling altar of Nemelex Xobeh.
  3446 | D:4      | Reached XP level 5. HP: 28/28 MP: 3/13
  3799 | D:5      | Entered Level 5 of the Dungeon
  3812 | D:5      | Reached XP level 6. HP: 11/32 MP: 8/15
  4011 | D:5      | Noticed Edmund
  5340 | D:5      | Reached skill level 5 in Spellcasting
  6261 | D:6      | Reached skill level 7 in Conjurations
  6693 | D:6      | Slain by an orc

Levels and vault maps discovered:
D:1:      lemuel_arrival_broad_hall, layout_basic
D:2:      layout_basic
D:3:      layout_loops_ring, uniq_sigmund, uniq_jessica
D:4:      layout_basic, minmay_temple_entry_glass, first_ration,
          nemelex_dance_club_becter
D:5:      layout_basic, uniq_edmund
D:6:      layout_gridville, basic_altar
Temple:   nicolae_temple_the_god_donut

Skill      XL: |  1  2  3  4  5  6 |
---------------+-------------------+-----
Conjurations   | 5 6 7 |  7.2
Spellcasting   | 4 5 |  5.6
Hexes          | 2 3 4 |  4.4
Dodging        | |  2.4
Stealth        | |  2.4

Action                   |  1- 3 |  4- 6 || total
-------------------------+-------+-------++-------
Melee: Dagger            |    22 |    76 ||    98
 Cast: Magic Dart        |    47 |   123 ||   170
       Searing Ray       |       |     5 ||     5
  Use: Scroll            |     2 |     5 ||     7
       Potion            |       |     4 ||     4
 Stab: Sleeping          |     1 |       ||     1
  Eat: Chunk             |     1 |     6 ||     7
       Ration            |     1 |     2 ||     3
Armor: Robe              |     1 |    38 ||    39
Dodge: Dodged            |    14 |    85 ||    99

Table legend:
 A = Non-vault XP
 B = Vault XP
 C = Vault XP percentage of total XP
 D = Non-vault monster count
 E = Vault monster count
 F = Vault count percentage of total count
                 A         B        C        D         E       F
            +---------+---------+-------+---------+---------+-------
      Total |     677 |      47 |   6.5 |      86 |       3 |   3.4
            +---------+---------+-------+---------+---------+-------
        D:1 |      25 |       0 |   0.0 |      16 |       0 |   0.0
        D:2 |      33 |       0 |   0.0 |      12 |       0 |   0.0
        D:3 |      26 |      37 |  58.7 |      12 |       1 |   7.7
        D:4 |     176 |      10 |   5.4 |      22 |       2 |   8.3
        D:5 |     152 |       0 |   0.0 |      14 |       0 |   0.0
        D:6 |     265 |       0 |   0.0 |      10 |       0 |   0.0
            +---------+---------+-------+---------+---------+-------
